 Dungeon Crawl Stone Soup version 0.32-a0-931-g5a2cda0630 (webtiles) character file.

Game seed: 15507750550133261546

126677 Meejax the Bludgeoner (level 16, -3/127 HPs)
             Began as a Demonspawn Gladiator on Apr 14, 2024.
             Was the Champion of Qazlal.
             Slain by a deep troll simulacrum (23 damage)
             ... on level 15 of the Dungeon.
             The game lasted 00:59:39 (22718 turns).

Meejax the Bludgeoner (Demonspawn Gladiator)       Turns: 22718, Time: 00:59:43

Health: -3/127     AC: 33    Str: 20    XL:     16   Next: 44%
Magic:  27/27      EV:  9    Int: 16    God:    Qazlal [******]
Gold:   2427       SH: 20    Dex: 21    Spells: 15/15 levels left

rFire   + . .        l - +4 morningstar
rCold   . . .        k - +0 buckler
rNeg    . . .        e - +3 plate armour {rF+}
rPois   .            G - +3 hat of Pondering {ponderous, Will+ MP+10 Int+5}
rElec   .            F - +0 cloak {rCorr}
rCorr   +            P - +0 pair of gloves {hurl}
SInv    +            (no boots)
Will    ++...        n - amulet of regeneration Stlth
                     E - ring of see invisible
HPRegen 1.21/turn    q - +6 ring of dexterity
MPRegen 0.20/turn

%: repel missiles
@: protected from physical damage, slow
A: hooves 2, molten scales 2, icemail 1, spiny 1, condensation shield,
corrupting presence 2, beak
a: Renounce Religion, Upheaval, Elemental Force, Disaster Area


You were on level 15 of the Dungeon.
You worshipped Qazlal.
Qazlal was exalted by your worship.
You visited 4 branches of the dungeon, and saw 23 of its levels.
You also visited: Bailey, Gauntlet and Volcano.

You collected 3131 gold pieces.
You spent 704 gold pieces at shops.

Inventory:

Hand Weapons
 l - a +4 morningstar (weapon)
Missiles
 r - 2 throwing nets (quivered)
Armour
 e - a +3 plate armour of fire resistance (worn)
 k - a +0 buckler (worn)
 F - a +0 cloak of preservation (worn)
 G - the +3 hat of Pondering (worn) {ponderous, Will+ MP+10 Int+5}
   (You found it on level 5 of the Lair of Beasts)

   Int+5:     It affects your intelligence (+5).
   Will+:     It increases your willpower.
   MP+10:     It affects your magic capacity (+10).
 P - a +0 pair of gloves of hurling (worn)
Jewellery
 d - a ring of fire
 n - an amulet of regeneration (around neck)
 q - a +6 ring of dexterity (right hand)
 x - a +6 ring of strength
 E - a ring of see invisible (left hand)
 O - a ring of flight
Scrolls
 b - 3 scrolls of identify
 h - 6 scrolls of enchant weapon
 p - 2 scrolls of silence
 s - 2 scrolls of torment
 t - 10 scrolls of poison
 w - a scroll of revelation
 y - 3 scrolls of teleportation
 z - 6 scrolls of fog
 A - a scroll of summoning
 J - 4 scrolls of vulnerability
 L - 6 scrolls of noise
 M - 3 scrolls of amnesia
 V - a scroll of enchant armour
 Y - a scroll of immolation
Potions
 a - 3 potions of resistance
 c - a potion of invisibility
 f - 2 potions of enlightenment
 i - 2 potions of heal wounds
 j - 6 potions of brilliance
 m - a potion of mutation
 o - 3 potions of cancellation
 u - 2 potions of ambrosia
 B - 7 potions of magic
 C - 2 potions of lignification
 D - a potion of might
 N - 3 potions of attraction
 Q - 4 potions of curing
Miscellaneous
 g - a sack of spiders
 v - a phantom mirror


   Skills:
 + Level 12.2 Fighting
 + Level 16.5 Maces & Flails
 - Level 6.3 Ranged Weapons
 + Level 2.1 Throwing
 + Level 9.6 Armour
 + Level 8.2 Dodging
 + Level 3.1 Stealth
 + Level 14.0 Shields
 + Level 2.4 Invocations


You had 15 spell levels left.
You didn't know any spells.
Your spell library contained the following spells:

 Spells                   Type           Power      Damage    Failure   Level
 Apportation              Tloc           0%         N/A       99%         1
 Magic Dart               Conj           0%         1d3       99%         1
 Sandblast                Erth           0%         2d4       99%         1
 Shock                    Conj/Air       0%         1d3       99%         1
 Blink                    Tloc           0%         N/A       100%        2
 Call Imp                 Summ           0%         N/A       100%        2
 Ensorcelled Hibernation  Hex/Ice        0%         N/A       100%        2
 Jinxbite                 Hex            0%         N/A       100%        2
 Momentum Strike          Conj/Tloc      0%         3d8       100%        2
 Searing Ray              Conj           0%         2d4       100%        2
 Call Canine Familiar     Summ           0%         N/A       100%        3
 Frozen Ramparts          Ice            0%         1d1       100%        3
 Fugue of the Fallen      Necr           0%         N/A       100%        3
 Ozocubu's Armour         Ice            0%         N/A       100%        3
 Passwall                 Erth           0%         N/A       100%        3
 Sigil of Binding         Hex            0%         N/A       100%        3
 Stone Arrow              Conj/Erth      0%         3d7       100%        3
 Swiftness                Air            0%         N/A       100%        3
 Volatile Blastmotes      Fire/Tloc      0%         2d10      100%        3
 Anguish                  Hex/Necr       0%         N/A       100%        4
 Animate Armour           Summ/Erth      0%         N/A       100%        4
 Brom's Barrelling Bould  Conj/Erth      0%         2d3       100%        4
 Dimensional Bullseye     Hex/Tloc       0%         N/A       100%        4
 Fulminant Prism          Conj/Alch      0%         3d5       100%        4
 Iskenderun's Mystic Bla Conj/Tloc 0%             2d3        (+2d1     100%        4
 Summon Lightning Spire   Summ/Air       0%         N/A       100%        4
 Alistair's Intoxication  Alch           0%         N/A       100%        5
 Fireball                 Conj/Fire      0%         3d3       100%        5
 Iskenderun's Battlesphe  Conj           0%         2d6       100%        5
 Lee's Rapid Deconstruct  Erth           0%         3d4*      100%        5
 Metabolic Englaciation   Hex/Ice        0%         N/A       100%        5
 Summon Forest            Summ/Tloc      0%         N/A       100%        5
 Yara's Violent Unravell  Hex/Alch       0%         3d3       100%        5
 Conjure Ball Lightning   Conj/Air       0%         3x3d6     100%        6
 Eringya's Noxious Bog    Alch           0%         4d6       100%        6
 Enfeeble                 Hex            0%         N/A       100%        7
 Orb of Destruction       Conj           0%         9d5       100%        7
 Summon Hydra             Summ           0%         N/A       100%        7
 Chain Lightning          Conj/Air       0%         N/A       100%        9


Dungeon Overview and Level Annotations

Branches:
Dungeon (15/15)            Temple (0/1) D:5            Lair (5/5) D:8
 Shoals (0/4) Lair:2        Snake (0/4) Lair:2        Slime (0/5) Lair:5
    Orc (2/2) D:10            Elf (0/3) Orc:2        Vaults (0/5) D:13
 Depths (1/4) D:15         Bailey (visited)         Volcano (visited)
Gauntlet (visited)

Altars:
Cheibriados
Fedhas
Hepliaklqana
Makhleb
Nemelex Xobeh
Okawaru
Qazlal
Ru
Sif Muna
Vehumet
Wu Jian
Jiyva

Shops:
D:4 *(((   Orc:2 *!*(

Annotations:
Depths:1 Virywn's ghost, adept DEHW


Innate Abilities, Weirdness & Mutations

You have hoof-like feet.
You are mostly covered in molten scales. (AC +3)
A meltable icy envelope protects you from harm. (AC +4)
You are partially covered in sharp spines.
A meltable shield of frost defends you. (SH +4)
Your presence sometimes corrodes or deforms those you injure.
You have a beak for a mouth.


Message History

You hit the iron troll but do no damage.
You kick the iron troll, but do no damage.
Your corrupting presence corrodes the iron troll!
You peck the iron troll.
The iron troll is heavily wounded.
The deep troll simulacrum is struck by your spines.
The deep troll simulacrum bites you but does no damage.
You block the deep troll simulacrum's attack. x2
The iron troll is struck by your spines.
The iron troll bites you but does no damage.
The iron troll barely misses you. The iron troll misses you.
You bludgeon the iron troll!! You kick the iron troll. You peck the iron troll.
The iron troll is almost dead.
You puncture the iron troll!
The iron troll seems to be corroded for longer.
The iron troll is almost dead.
The deep troll simulacrum bites you but does no damage.
You block the deep troll simulacrum's attack.
The deep troll simulacrum claws you.
* * * LOW HITPOINT WARNING * * *
The deep troll simulacrum freezes you!!
* * * LOW HITPOINT WARNING * * *
The iron troll bites you.
* * * LOW HITPOINT WARNING * * *
You feel more protected from physical attacks.
You block the iron troll's attack. The iron troll misses you.
You feel much better.
You block the deep troll simulacrum's attack. x2
The deep troll simulacrum claws you but does no damage.
You hit the iron troll. You kick the iron troll.
You kill the iron troll!
Qazlal accepts your kill.
You hit the deep troll simulacrum.
You kick the deep troll simulacrum, but do no damage.
The deep troll simulacrum is moderately damaged.
The deep troll simulacrum is struck by your spines.
The deep troll simulacrum bites you!
* * * LOW HITPOINT WARNING * * *
The deep troll simulacrum freezes you!!
You die...

#####'######........'....# #.#
#........####.# ############.#
#........+.....
.............########......####.#
##############..ß..##..##### ##[#
# ##.......##.# #... #
#..#####..#.# #... #
#..#.°.#..#)# #... #########
#..§Z@.#..'.## #... #.......#
#..#.☼.#.(#[.# #... #.......#
#..#####..##.# #... #.......#
##.......###[######... #.......#
##..ß..##.[[.....'... #.......#
########.##.#####... #...†...##
#...##.## #### +........#
#.####..# #........# #.# ##.##


You could see a deep troll simulacrum.

Vanquished Creatures
  A lich (D:15)
  A minotaur (Gauntlet)
  2 fire dragons
  An ice dragon (D:15)
  Harold (D:9)
  Fannar (Lair:2)
  The ghost of Krumphau the Carver, a journeyman DsMo of Makhleb (D:10)
  3 hydras
  2 rakshasas (D:15)
  6 catoblepae
  5 ogre magi
  The ghost of HokiCoki the Blocker, a journeyman VSFi of Jiyva (Lair:2)
  2 centaur warriors
  5 boulder beetles
  2 dancing weapons (D:13)
  21 two-headed ogres
  6 death yaks
  A deep troll shaman (Depths:1)
  3 tengu warriors
  A fire crab (Lair:3)
  2 skysharks
  4 iron trolls (D:15)
  5 deep trolls
  2 obsidian bats (Orc:2)
  4 lindwurms
  A necromancer (D:15)
  5 orc knights
  3 phantasmal warriors (D:15)
  2 orc sorcerers
  A harpy (shapeshifter) (D:15)
  A wolf spider (D:14)
  A harpy (Lair:2)
  2 deep elf pyromancers
  7 ugly things
  A manticore (D:14)
  6 cyclopes
  2 spectral centaurs (D:10)
  25 elephants
  A centaur zombie (D:10)
  9 black mambas
  4 molten gargoyles
  2 torpor snails
  5 gargoyles
  17 cane toads
  3 smoke demons (Volcano)
  14 komodo dragons
  3 rime drakes
  A tengu conjurer (D:15)
  An efreet (D:15)
  A freezing wraith (D:15)
  3 hornets
  5 polar bears
  8 trolls
  A spectral meliai (D:10)
  11 blink frogs
  10 dream sheep (Lair:4)
  10 slime creatures
  A shadow (D:10)
  2 vampires (D:10)
  A wraith (D:14)
  Eustachio (D:4)
  78 yaks
  2 centaur simulacra
  5 wyverns
  7 steam dragons
  8 basilisks
  A warg (Orc:2)
  Grum (Lair:1)
  13 vampire mosquitoes
  6 hell hounds
  3 water moccasins
  An acid dragon (D:12)
  A meliai simulacrum (D:10)
  A black bear (Lair:1)
  3 sky beasts
  20 orc warriors
  6 ice beasts
  27 ogres
  8 centaurs
  22 wolves
  3 phantoms (D:5)
  3 kobold brigands
  19 bullfrogs
  2 gnoll sergeants
  10 wights
  4 scorpions
  15 killer bees
  2 electric eels (D:8)
  4 howler monkeys
  5 lava snakes (Lair:5)
  A jelly (D:5)
  2 bombardier beetles
  A gnoll bouda (D:8)
  13 orc priests
  A hound (D:7)
  A sleepcap (D:8)
  3 iguanas
  25 orc wizards
  5 hell rats (Lair:5)
  15 gnolls
  6 adders
  A white imp (D:8)
  5 dart slugs
  2 ribbon worms
  94 orcs
  8 ball pythons
  4 bats
  4 endoplasms
  7 goblins
  8 hobgoblins
  2 jackals (D:1)
  11 kobolds
  A quokka (D:1)
  A frilled lizard (D:2)
  5 rats
760 creatures vanquished.

Vanquished Creatures (collateral kills)
  A death knight (D:15)
  A wolf spider zombie (D:15)
  A redback zombie (D:15)
  A boggart skeleton (D:15)
4 creatures vanquished.

Vanquished Creatures (others)
  A basilisk (Lair:3)
  3 centaurs
  An orc wizard (Orc:1)
  2 orcs (D:15)
7 creatures vanquished.

Grand Total: 771 creatures vanquished

Notes
Turn   | Place    | Note
-------+----------+-------------------------------------------
     0 | D:1      | Meejax the Demonspawn Gladiator began the quest for the
                  | Orb.
     0 | D:1      | Reached XP level 1. HP: 16/16 MP: 1/1
   130 | D:1      | Gained mutation: A meltable shield of frost defends you.
                  | (SH +4) [demonic ancestry]
   130 | D:1      | Reached XP level 2. HP: 22/22 MP: 2/2
   158 | D:1      | Reached skill level 3 in Maces & Flails
   436 | D:1      | Gained mutation: You have large cloven feet. [demonic
                  | ancestry]
   436 | D:1      | Reached XP level 3. HP: 27/27 MP: 3/3
   443 | D:1      | Found a faded altar of an unknown god.
   795 | D:2      | Gained mutation: You are partially covered in sharp spines.
                  | [demonic ancestry]
   795 | D:2      | Reached XP level 4. HP: 33/33 MP: 4/4
  1265 | D:3      | Found a shimmering blue altar of Sif Muna.
  1403 | D:3      | Found a sacrificial altar of Ru.
  1430 | D:3      | Reached skill level 4 in Maces & Flails
  1483 | D:3      | Reached skill level 1 in Armour
  1483 | D:3      | Reached XP level 5. HP: 31/38 MP: 5/5
  1606 | D:3      | Found an ornate altar of the Wu Jian Council.
  2011 | D:4      | Found Caidanti's Assorted Antiques.
  2148 | D:4      | Found a stormy altar of Qazlal.
  2269 | D:4      | Became a worshipper of Qazlal Stormbringer
  2466 | D:4      | Found Natuqui's Antique Weapon Boutique.
  2469 | D:4      | Found Uficofej's Antique Weapon Shop.
  2500 | D:4      | Noticed Eustachio
  2516 | D:4      | Killed Eustachio
  2517 | D:4      | Reached skill level 5 in Maces & Flails
  2517 | D:4      | Reached skill level 1 in Shields
  2517 | D:4      | Gained mutation: You are partially covered in molten
                  | scales. (AC +2) [demonic ancestry]
  2517 | D:4      | Reached XP level 6. HP: 24/47 MP: 6/6
  2548 | D:4      | Found Yfounos's Antique Weapon Shoppe.
  2573 | D:4      | Found a sparkling altar of Nemelex Xobeh.
  2822 | D:5      | Entered Level 5 of the Dungeon
  2912 | D:5      | Gained mutation: You are mostly covered in molten scales.
                  | (AC +3) [demonic ancestry]
  2912 | D:5      | Reached XP level 7. HP: 45/52 MP: 7/7
  3006 | D:5      | Reached skill level 6 in Maces & Flails
  3024 | D:5      | Found a burning altar of Makhleb.
  3085 | D:5      | Found a hazy altar of Hepliaklqana.
  3206 | D:5      | Found a staircase to the Ecumenical Temple.
  3387 | D:5      | Reached * piety under Qazlal
  3544 | D:5      | Gained mutation: You have hoof-like feet. [demonic
                  | ancestry]
  3544 | D:5      | Reached XP level 8. HP: 57/60 MP: 8/8
  3592 | D:6      | Reached skill level 7 in Maces & Flails
  3903 | D:6      | Reached skill level 1 in Stealth
  4033 | D:6      | Identified a scroll of acquirement
  4033 | D:6      | Acquired 731 gold pieces
  4205 | D:7      | Found a radiant altar of Vehumet.
  4240 | D:7      | Reached skill level 8 in Maces & Flails
  4273 | D:7      | Found a flagged portal.
  4284 | Bailey   | Entered a bailey
  4302 | Bailey   | Reached XP level 9. HP: 66/66 MP: 9/9
  4502 | Bailey   | Reached ** piety under Qazlal
  4512 | Bailey   | Noticed an orc knight
  4550 | Bailey   | Killed an orc knight
  4869 | D:7      | Reached skill level 5 in Fighting
  4896 | D:7      | Identified the +0 ring mail "Vemuurch" {rElec rF+ rN+
                  | Dex+3}
  5129 | D:7      | Reached skill level 9 in Maces & Flails
  5417 | D:8      | Gained mutation: Your health recovers twice as slowly from
                  | being drained. [potion of mutation]
  5417 | D:8      | Gained mutation: You occasionally shout uncontrollably at
                  | your foes. [potion of mutation]
  5418 | D:8      | Lost mutation: You occasionally shout uncontrollably at
                  | your foes. [potion of mutation]
  5418 | D:8      | Lost mutation: Your health recovers twice as slowly from
                  | being drained. [potion of mutation]
  5418 | D:8      | Gained mutation: Your body sometimes deteriorates upon
                  | taking damage. [potion of mutation]
  5418 | D:8      | Gained mutation: You have sharp fingernails. [potion of
                  | mutation]
  5428 | D:8      | Noticed a two-headed ogre
  5498 | D:8      | Noticed a green ugly thing
  5529 | D:8      | Found a snail-covered altar of Cheibriados.
  5623 | D:8      | Noticed a polar bear
  5642 | D:7      | Killed a green ugly thing
  5643 | D:7      | Reached skill level 5 in Shields
  5643 | D:7      | Reached XP level 10. HP: 42/74 MP: 10/10
  5648 | D:7      | Reached skill level 5 in Armour
  5661 | D:7      | HP: 2/74 [polar bear (18)]
  5799 | D:7      | Reached skill level 5 in Dodging
  6124 | D:8      | Killed a two-headed ogre
  6302 | D:8      | Noticed a two-headed ogre
  6306 | D:8      | Reached *** piety under Qazlal
  6312 | D:8      | Killed a two-headed ogre
  6313 | D:8      | Reached skill level 10 in Maces & Flails
  6413 | D:8      | Found a blossoming altar of Fedhas.
  6465 | D:8      | Noticed a cyclops
  6472 | D:8      | Killed a cyclops
  6473 | D:8      | Gained mutation: A meltable icy envelope protects you from
                  | harm. (AC +4) [demonic ancestry]
  6473 | D:8      | Reached XP level 11. HP: 82/82 MP: 11/11
  6508 | D:8      | Found a staircase to the Lair.
  6841 | D:9      | Noticed Harold
  6852 | D:9      | Killed Harold
  6962 | D:9      | Noticed a tengu warrior
  6971 | D:9      | Killed a tengu warrior
  7106 | D:9      | Reached **** piety under Qazlal
  7339 | D:9      | Found an iron altar of Okawaru.
  7438 | D:9      | Reached skill level 11 in Maces & Flails
  7706 | D:9      | Reached skill level 1 in Invocations
  8060 | D:10     | Entered Level 10 of the Dungeon
  8151 | D:10     | Found a staircase to the Orcish Mines.
  8325 | D:10     | Identified the +9 sling of Cocytus {drain, Int+3}
  8347 | D:10     | Reached ***** piety under Qazlal
  8381 | D:10     | Reached XP level 12. HP: 87/91 MP: 12/12
  8418 | D:10     | Found a runed translucent gate.
  8418 | D:10     | Found a runed translucent gate.
  8418 | D:10     | Found a runed translucent gate.
  8419 | D:10     | Noticed Krumphau's ghost (journeyman DsMo)
  9367 | D:11     | Noticed a catoblepas
  9417 | D:11     | Killed a catoblepas
  9708 | D:11     | Reached skill level 12 in Maces & Flails
 10068 | D:12     | Noticed a tengu warrior
 10077 | D:12     | Killed a tengu warrior
 10763 | D:13     | Noticed a catoblepas
 10818 | D:13     | Killed a catoblepas
 10856 | D:13     | Noticed a tengu warrior
 10869 | D:13     | Killed a tengu warrior
 10947 | D:13     | Noticed a five-headed hydra
 10956 | D:13     | Killed a five-headed hydra
 11575 | D:13     | Noticed a boulder beetle
 11609 | D:13     | Killed a boulder beetle
 11662 | D:13     | Reached skill level 13 in Maces & Flails
 11665 | D:13     | Gained mutation: Your presence sometimes corrodes those you
                  | injure. [demonic ancestry]
 11665 | D:13     | Reached XP level 13. HP: 98/98 MP: 13/13
 12152 | D:13     | Found a gate to the Vaults.
 12453 | Lair:1   | Entered Level 1 of the Lair of Beasts
 12528 | Lair:1   | Reached skill level 10 in Shields
 12830 | Lair:1   | Noticed Grum
 12845 | Lair:1   | Killed Grum
 13353 | Lair:2   | Found a staircase to the Snake Pit.
 13360 | Lair:2   | Identified the +1 spear of Jyluaq {spect, *Corrode rElec
                  | Will++ Stlth+}
 13383 | Lair:2   | Reached ****** piety under Qazlal
 13462 | Lair:2   | Noticed HokiCoki's ghost (journeyman VSFi)
 13505 | Lair:2   | Found a staircase to the Shoals.
 13557 | Lair:2   | Noticed Fannar
 13601 | Lair:2   | Killed Fannar
 13822 | Lair:2   | Found a runed translucent gate.
 13822 | Lair:2   | Found a runed translucent gate.
 13822 | Lair:2   | Found a runed translucent gate.
 13969 | Lair:2   | Reached skill level 14 in Maces & Flails
 14139 | Lair:2   | Lost mutation: Your body sometimes deteriorates upon taking
                  | damage. [potion of mutation]
 14139 | Lair:2   | Lost mutation: You have sharp fingernails. [potion of
                  | mutation]
 14139 | Lair:2   | Gained mutation: You have a beak for a mouth. [potion of
                  | mutation]
 14139 | Lair:2   | Gained mutation: You are agile. (Dex +4, Str/Int -1)
                  | [potion of mutation]
 14298 | D:10     | Killed Krumphau's ghost
 14613 | D:14     | Found a gate leading to a gauntlet.
 14621 | Gauntlet | Entered a Gauntlet
 14621 | Gauntlet | Found a transporter.
 14621 | Gauntlet | Found a transporter.
 14623 | Gauntlet | Found a transporter.
 14624 | Gauntlet | Found a transporter.
 14626 | Gauntlet | Found a transporter.
 14632 | Gauntlet | Found a transporter.
 14633 | Gauntlet | Found a runed translucent door.
 14635 | Gauntlet | Found a transporter.
 14636 | Gauntlet | Found a transporter.
 14637 | Gauntlet | Found a transporter.
 14645 | Gauntlet | Found a transporter.
 14649 | Gauntlet | Found a transporter.
 14695 | Gauntlet | Found a transporter.
 14726 | Gauntlet | Found the +8 longbow "Zephyr" {speed, Dex+3 SInv}
 15001 | Gauntlet | Gained mutation: Your presence sometimes corrodes or
                  | deforms those you injure. [demonic ancestry]
 15001 | Gauntlet | Reached XP level 14. HP: 109/109 MP: 14/14
 15136 | Gauntlet | Reached skill level 1 in Ranged Weapons
 15207 | Gauntlet | Identified the +7 mace "Uleqosm" {flame, Will+}
 15261 | Gauntlet | Got the Folio of Blows and the Quarry
 15286 | D:14     | Reached skill level 10 in Fighting
 15983 | D:15     | Entered Level 15 of the Dungeon
 16003 | D:15     | Paralysed by an ogre mage for 3 turns
 16891 | D:15     | Found a staircase to the Depths.
 17363 | Orc:1    | Entered Level 1 of the Orcish Mines
 17757 | Orc:2    | Entered Level 2 of the Orcish Mines
 17768 | Orc:2    | Reached skill level 15 in Maces & Flails
 17915 | Orc:2    | Found a dark tunnel.
 17920 | Volcano  | Entered a volcano
 17972 | Volcano  | Reached XP level 15. HP: 92/117 MP: 16/16
 18171 | Orc:2    | Reached skill level 5 in Ranged Weapons
 18450 | Orc:2    | Found Tuing's Distillery.
 18450 | Orc:2    | Found Hotziger's Antique Weapon Emporium.
 18451 | Orc:2    | Found Fopech's Assorted Antiques.
 18451 | Orc:2    | Found Figu's Assorted Antiques.
 18458 | Orc:2    | Bought 2 potions of mutation for 208 gold pieces
 18459 | Orc:2    | Bought a potion of mutation for 256 gold pieces
 18459 | Orc:2    | Bought a scroll of enchant weapon for 240 gold pieces
 18461 | Orc:2    | Lost mutation: You have a beak for a mouth. [potion of
                  | mutation]
 18461 | Orc:2    | Lost mutation: You are agile. (Dex +4, Str/Int -1) [potion
                  | of mutation]
 18461 | Orc:2    | Gained mutation: Your health recovers twice as slowly from
                  | being drained. [potion of mutation]
 18461 | Orc:2    | Gained mutation: You are frail. (-10% HP) [potion of
                  | mutation]
 18461 | Orc:2    | Gained mutation: You passively dampen the noise of your
                  | surroundings. [potion of mutation]
 18462 | Orc:2    | Lost mutation: Your health recovers twice as slowly from
                  | being drained. [potion of mutation]
 18462 | Orc:2    | Lost mutation: You are frail. (-10% HP) [potion of
                  | mutation]
 18462 | Orc:2    | Lost mutation: You passively dampen the noise of your
                  | surroundings. [potion of mutation]
 18462 | Orc:2    | Gained mutation: You have a beak for a mouth. [potion of
                  | mutation]
 18680 | Orc:2    | Found a staircase to the Elven Halls.
 19106 | Lair:2   | Killed HokiCoki's ghost
 20230 | Lair:4   | Reached skill level 16 in Maces & Flails
 20401 | Lair:4   | Identified the +0 leather armour of Fallacy {Will+ Str+2}
 20612 | Lair:4   | Identified the +9 short sword "Wuisuh" {protect, rElec rN+
                  | Int+3}
 21057 | Lair:5   | Entered Level 5 of the Lair of Beasts
 21057 | Lair:5   | Found a staircase to the Slime Pits.
 21057 | Lair:5   | Found a viscous altar of Jiyva.
 21070 | Lair:5   | Reached XP level 16. HP: 126/126 MP: 17/17
 21169 | Lair:5   | Found the +3 hat of Pondering {ponderous, Will+ MP+10
                  | Int+5}
 21506 | Lair:5   | Found a large runed translucent door.
 21506 | Lair:5   | Found a large runed translucent door.
 22529 | Depths:1 | Entered Level 1 of the Depths
 22567 | Depths:1 | Noticed Virywn's ghost (adept DEHW)
 22567 | Depths:1 | Noticed a walking crystal tome
 22602 | Depths:1 | Noticed a lich
 22635 | Depths:1 | Noticed a walking crystal tome
 22636 | Depths:1 | Noticed a walking divine tome
 22710 | D:15     | Killed a lich
 22715 | D:15     | HP: 6/127 [deep troll simulacrum (29)]
 22718 | D:15     | Slain by a deep troll simulacrum

Illustrated notes

Levels and vault maps discovered:
D:1:      minmay_arrival_open_corners, layout_rooms,
          dreamdust_ecumenical_altar_hidden_monk_grotto
D:2:      layout_rooms
D:3:      layout_basic, mainiacjoe_overflow_boulevard, amcnicky_altar_gilded,
          led_sif_pool
D:4:      layout_basic, mainiacjoe_overflow_cross_hatched,
          mainiacjoe_overflow_big_doors, serial_shops,
          nicolae_shop_just_a_little_nook, kennysheep_mini_moat, shop,
          shop_statue, kennysheep_boxes, uniq_eustachio
D:5:      layout_gridville, nicolae_overflow_hidden_temple,
          mainiacjoe_overflow_concentric_impassable,
          minmay_temple_entry_statues_fountains, kennysheep_nub,
          nicolae_underground_beach
D:6:      layout_basic
D:7:      layout_loops_ring, mainiacjoe_overflow_surrounded_room,
          enter_bailey_4, kennysheep_generic_room_10
D:8:      layout_cave_pools, fedhas_bush_and_centaur_altar,
          overflow_temple_1_default, david_lair_shrubbed, serial_ice,
          serial_ice_b, serial_ice_j, serial_ice_a, serial_ice_d,
          minmay_pinched_square
D:9:      layout_basic, mainiacjoe_overflow_small_starburst, minmay_orc_keep,
          uniq_harold
D:10:     layout_basic, erik_orc_3, gammafunk_ghost_necromancy, abandoned_shop
D:11:     layout_cross
D:12:     layout_irregular_city
D:13:     layout_layer_cave, erik_vaults_1
D:14:     layout_loops_ring, gauntlet_entry_generic
D:15:     grunt_enter_depths_magical_seal, layout_basic,
          hangedman_abyss_or_decor_lesser_grid, ebering_dispersal_statue_hall
Lair:1:   layout_loops_ring, amcnicky_mini_pool_medium, uniq_grum
Lair:2:   layout_gridlike, nicolae_shoals_entry_roost, dummy_snake_entry,
          gammafunk_ghost_split, uniq_fannar
Lair:3:   layout_hall_layers, grunt_megastairs_1, lemuel_fruit_fields,
          infiniplex_staircase_pool
Lair:4:   layout_small_grid
Lair:5:   cheibrodos_lair_end_hotspot, layout_long_grid, slime_entry_1
Orc:1:    layout_diamond_mine
Orc:2:    st_orc_ogre_mass, layout_caves, nicolae_volcano_entry_s_turn
Depths:1: layout_basic, rand_demon_pan_entry_8, hell_entry,
          nicolae_zig_zag_zippers, hellmonk_ghost_time_enough,
          serial_library_hellmonk_open_cross,
          nicolae_concentric_dashed_squares_mild, orjb1_guarded_unrand_arga

Skill      XL: |  1  2  3  4  5  6  7  8  9 10 11 12 13 14 15 16 |
---------------+-------------------------------------------------+-----
Dodging        | 3 4 5 6 7 8 |  8.2
Maces & Flails | 3 4 5 6 8 9 10 11 13 14 15 16 | 16.5
Armour         | 1 2 3 4 5 6 7 8 9 |  9.6
Fighting       | 3 4 5 6 7 8 9 10 11 12 | 12.2
Shields        | 1 2 3 5 6 8 9 11 12 13 14 | 14.0
Stealth        | 1 2 3 |  3.1
Throwing       | 2 |  2.1
Invocations    | 1 2 |  2.4
Ranged Weapons | 4 6 |  6.3

Action                     |  1- 3 |  4- 6 |  7- 9 | 10-12 | 13-15 | 16-18 || total
---------------------------+-------+-------+-------+-------+-------+-------++-------
  Melee: Flail             |    90 |   108 |   306 |    45 |       |       ||   549
         Kick              |     3 |    28 |    93 |   253 |   549 |   136 ||  1062
         Morningstar       |       |       |       |   602 |  1198 |   271 ||  2071
         Peck              |       |       |       |       |   243 |    87 ||   330
  Throw: Throwing net      |       |       |     2 |     2 |       |       ||     4
 Invoke: Upheaval          |       |       |     1 |     3 |    11 |       ||    15
  Evoke: Sack of spiders   |       |       |       |     1 |       |       ||     1
    Use: Scroll            |     2 |    10 |    14 |     3 |     8 |       ||    37
         Potion            |       |     1 |     6 |     2 |    12 |     2 ||    23
   Stab: Sleeping          |       |     1 |       |       |       |       ||     1
         Invisible         |       |       |     2 |       |       |       ||     2
 Armour: Leather armour    |    57 |     1 |       |       |       |       ||    58
         Scale mail        |       |    54 |   193 |   393 |   289 |       ||   929
         Skin              |       |       |       |       |     3 |       ||     3
         Plate armour      |       |       |       |       |   215 |   193 ||   408
  Dodge: Dodged            |    64 |    40 |   117 |   239 |   331 |    66 ||   857
         Repelled          |       |       |       |    24 |    17 |     9 ||    50
  Block: Other             |    12 |       |       |       |       |       ||    12
         Buckler           |       |    38 |   177 |   546 |  1019 |   237 ||  2017

Table legend: (Time is in decaauts)
 A = Elapsed time spent in this place.
 B = Non-inter-level travel time spent in this place.
 C = Inter-level travel time spent in this place.
 D = Time resting spent in this place.
 E = Time spent auto-exploring this place.
 F = Levels seen in this place.
 G = Mean time per level.
                   A        B        C        D        E       F      G
               +--------+--------+--------+--------+--------+-----+--------+
         Total |  22592 |  20415 |   2177 |    836 |  14300 |  26 |  868.9 |
       Dungeon |  15024 |  13213 |   1811 |    636 |   9265 |  15 | 1001.6 |
          Lair |   5001 |   4683 |    318 |      0 |   3686 |   5 | 1000.2 |
  Orcish Mines |   1227 |   1179 |     48 |      0 |    809 |   2 |  613.5 |
        Depths |     55 |     55 |      0 |      0 |      5 |   1 |   55.0 |
        Bailey |    414 |    414 |      0 |      0 |    174 |   1 |  414.0 |
       Volcano |    236 |    236 |      0 |      0 |    134 |   1 |  236.0 |
      Gauntlet |    631 |    631 |      0 |    200 |    226 |   1 |  631.0 |
               +--------+--------+--------+--------+--------+-----+--------+

Top non-repeatable levels by time:
     D:7: 1447 daAuts
    D:13: 1444 daAuts
     D:9: 1426 daAuts
    D:15: 1395 daAuts
  Lair:5: 1245 daAuts
    D:10: 1089 daAuts
     D:8: 1062 daAuts
    D:12: 1037 daAuts
     D:4: 1002 daAuts
    D:14: 962 daAuts
  Lair:1: 949 daAuts
  Lair:4: 939 daAuts
  Lair:3: 934 daAuts
  Lair:2: 932 daAuts
     D:3: 913 daAuts
